[Event "*** Titled Tuesday Blitz"]
[Site "Chess.com"]
[Date "2021.02.16"]
[Round "6"]
[White "juancruzarias"]
[Black "Gerodot71"]
[Result "1-0"]
[WhiteElo "2647"]
[BlackElo "2474"]
[TimeControl "180+1"]
[EndTime "11:09:06 PST"]
[Termination "juancruzarias won by resignation"]

1. d4 Nf6 2. Nf3 d5 3. e3 c5 4. c3 e6 5. Nbd2 Be7 6. Bd3 O-O 7. O-O b6 8. Ne5 Ba6 9. Bxa6 Nxa6 10. Nc6 Qe8 11.
Nxe7+ Qxe7 12. b3 Qb7 13. Bb2 Rfd8 14. Qf3 cxd4 15. exd4 Nc7 16. c4 Nce8 17. c5 Rac8 18. Rfc1 Qa6 19. b4 b5 20. Qb3 Qc6 21. a4 a6 22. axb5 axb5 23. Ra7 Ra8 24. Rca1 Rxa7 25. Rxa7 Ra8 26. Qa2 Rb8 27. Nb3 Ne4 28. Bc1 Nc3 29. Qc2 Ne4 30. f3 N4d6 31. Qa2 Nc4 32. Bf4 Rc8 33.
Na5 Nxa5 34. Qxa5 h6 35. h3 g5 36. Bg3 Ng7 37. Ra6 Qd7 38. Rb6 Nf5 39. Bf2 Qc7 40.
Qa6 Rf8 41. Rxb5 Qf4 42. Qa1 Kg7 43. c6 Rc8 44. Rc5 Nd6 45. b5 Nc4 46. Qe1 Rb8 47. c7 Rc8 48. Kh1 Rxc7 49. Bg3 Rxc5 50. Bxf4 Rxb5 51.
Bg3 Rb2 52. Qc3 Rd2 53. Be5+ Kh7 54. Qb4 Rd1+ 55. Kh2 Ne3 56. Qf8 Nf1+ 57. Kg1 Ng3+ 58. Kf2 Nh1+ 59. Ke2 1-0

[Event "*** Titled Tuesday Blitz"]
[Site "Chess.com"]
[Date "2021.02.16"]
[Round "6"]
[White "Azde"]
[Black "rachidhuilda"]
[Result "0-1"]
[WhiteElo "2426"]
[BlackElo "2294"]
[TimeControl "180+1"]
[EndTime "11:09:06 PST"]
[Termination "rachidhuilda won by resignation"]

1. d4 Nf6 2. c4 c5 3. dxc5 e6 4.
g3 Bxc5 5. Bg2 Qb6 6. Nh3 O-O 7.
O-O d5 8. cxd5 Nxd5 9. e4 Nb4 10. Nc3 Rd8 11. Qe2 Bd7 12. Rd1 Bc6 13. a3 N4a6 14.
b4 Bd4 15. Be3 Bxe3 16. Rxd8+ Qxd8 17. Qxe3 Nc7 18. Rd1 Qe8 19. Nf4 Nd7 20. h4 Nb6 21. Bf1 Rd8 22. Rd4 Rxd4 23. Qxd4 e5 24. Qd6 exf4 25.
Qxc7 fxg3 26. fxg3 h6 27. Qf4 a6 28. Kf2 Nd7 29. Qd6 Ne5 30. Be2 f6 31. Nd5 Qd7 32. Qb8+ Kh7 33. Ne3 Qe8 34. Nd5 Qxb8 35. Ne7 Qc7 36.
Nf5 Bd7 37. Ne3 Qc6 38. Nd5 Qd6 39. b5 Be6 40. bxa6 bxa6 41. Ne3 Qd4 42. Bd1 g5 43. hxg5 hxg5 44. Ke2 Kg7 45. Nc2 Qd3+ 46. Ke1 Nc4 47.
Nb4 Qd2+ 0-1

[Event "*** Titled Tuesday Blitz"]
[Site "Chess.com"]
[Date "2021.02.16"]
[Round "6"]
[White "Supernotar"]
[Black "StockholmMissile"]
[Result "0-1"]
[WhiteElo "2750"]
[BlackElo "2535"]
[TimeControl "180+1"]
[EndTime "11:09:07 PST"]
[Termination "StockholmMissile won by resignation"]

1. d4 d5 2. c4 c6 3. e3 Nf6 4. Bd3 e6 5. Nd2 c5 6. dxc5 Nbd7 7. Ngf3 Nxc5 8. Be2 dxc4 9. Nxc4 Qxd1+ 10. Bxd1 b6 11.
Be2 Bb7 12. O-O Be7 13. b3 O-O 14. Bb2 Rfd8 15. Rfd1 Nfe4 16. Kf1 f6 17. Nd4 Kf7 18. f3 Nd6 19. e4 Rac8 20. Rac1 e5 21. Nxd6+ Bxd6 22. Bc4+ Ke8 23. Nf5 Bf8 24. Ba3 Rxd1+ 25. Rxd1 g6 26.
Nd6+ Bxd6 27. Rxd6 Rc6 28. Bb5 Ba6 29. Bxa6 Rxd6 30.
Bc4 Rd2 31. Bb4 Rxa2 32. Bb5+ Kf7 33. Bc4+ Kg7 34. Bc3 Rc2 35. Bb4 Nxb3 36. Bd5 Nc5 37. h4 a5 38. Be1 a4 39. h5 gxh5 40. Bg3 a3 41. f4 a2 42. Bxa2 Rxa2 43. fxe5 Nxe4 44.
Bf4 fxe5 45. Bxe5+ Kg6 46. Kg1 b5 47. Kh2 Ra4 48. Kh3 b4 49. g4 b3 50. Kh4 hxg4 51. Bb2 Ra2 52. Bd4 b2 53. Bxb2 Rxb2 54. Kxg4 Nf6+ 55.
Kh4 Rb4+ 56. Kg3 h5 57. Kh3 Kg5 58. Kh2 h4 59. Kg2 Rb3 60. Kh2 Kg4 61. Kg2 h3+ 62.
Kh2 Rb2+ 63. Kg1 Kg3 64. Kf1 h2 0-1

[Event "*** Titled Tuesday Blitz"]
[Site "Chess.com"]
[Date "2021.02.16"]
[Round "6"]
[White "NiranjanNavalgund"]
[Black "Korchmar_Vasiliy"]
[Result "0-1"]
[WhiteElo "2462"]
[BlackElo "2623"]
[TimeControl "180+1"]
[EndTime "11:09:08 PST"]
[Termination "Korchmar_Vasiliy won by resignation"]

1. d4 Nf6 2. c4 g6 3. Nc3 d5 4.
Nf3 Bg7 5. e3 O-O 6. Bd2 c5 7.
dxc5 Na6 8. cxd5 Nxc5 9. Bc4 a6 10. a4 Nfe4 11. O-O Bg4 12. Qc2 Bxf3 13. gxf3 Nd6 14. Be2 Qd7 15. Kh1 Rac8 16. e4 Qh3 17. Rg1 Be5 18.
f4 Ncxe4 19. Rg2 Nxc3 20. bxc3 Bxc3 21. Bxc3 Rxc3 22. Qd2 Ne4 23. Qe1 Nf6 24. Rg3 Rxg3 25. fxg3 Nxd5 26. Bf3 e6 27. Rb1 b6 28. Qf2 Qf5 29. Rc1 Qd3 30. Rf1 Qc4 31. Be2 Qxa4 32.
f5 exf5 33. h4 h5 34. Bxh5 gxh5 35. Qxf5 Ne7 36. Qg5+ Ng6 37. Qxh5 Qb5 38. Qf3 Qe5 39. h5 Ne7 40. Qg4+ Kh8 41. h6 Ng6 42. Rf5 Qe1+ 43. Kh2 Qd2+ 44. Kh3 Kh7 45. Rh5 Qc1 46. Kg2 Qc6+ 47.
Kh2 Qc2+ 48. Kh3 Qc8 49. Kh2 Qxg4 50. Rg5 Qxg5 51. Kh3 Qxh6+ 52. Kg2 0-1

[Event "*** Titled Tuesday Blitz"]
[Site "Chess.com"]
[Date "2021.02.16"]
[Round "6"]
[White "IceBelka"]
[Black "Ranindu2003"]
[Result "0-1"]
[WhiteElo "2397"]
[BlackElo "2578"]
[TimeControl "180+1"]
[EndTime "11:09:08 PST"]
[Termination "Ranindu2003 won by resignation"]

1. e4 c5 2. Nf3 d6 3. d4 cxd4 4. Nxd4 Nf6 5. Nc3 a6 6. Bg5 e6 7. f4 Nbd7 8. Qe2 Qc7 9. O-O-O Be7 10. g4 b5 11. Bxf6 Bxf6 12. g5 Bxd4 13. Rxd4 Bb7 14.
Qd2 O-O 15. Bg2 Nb6 16. b3 Rac8 17. Kb2 Rfd8 18. h4 e5 19. fxe5 dxe5 20. Rxd8+ Rxd8 21. Qe3 b4 22. Ne2 a5 23. h5 a4 24. g6 a3+ 25. Kc1 fxg6 26. hxg6 hxg6 27. Qh3 Rd6 28. Qh8+ Kf7 29. Rf1+ Rf6 30. Rxf6+ Kxf6 31. Qf8+ Kg5 32. Qxb4 Ba6 33. Qd2+ Kf6 34. Nc3 Qc5 35. Qe1 Kf7 36.
Nd5 Nxd5 37. exd5 Qd4 38. c3 Qf4+ 39. Qd2 Qg4 40. c4 Ke7 41. Qf2 Kd6 42. Qb6+ Ke7 43.
Qxa6 Qxg2 44. Qe6+ Kd8 45. Qd6+ Ke8 46. Qxe5+ Kd8 47.
d6 Qf1+ 48. Kc2 Qf2+ 49. Kc3 Qb2+ 50. Kb4 Qxe5 51. Kxa3 Qxd6+ 52. b4 g5 53. c5 Qb8 54. Kb3 g4 0-1

[Event "*** Titled Tuesday Blitz"]
[Site "Chess.com"]
[Date "2021.02.16"]
[Round "6"]
[White "IAgrest"]
[Black "Zq1"]
[Result "1-0"]
[WhiteElo "2348"]
[BlackElo "2502"]
[TimeControl "180+1"]
[EndTime "11:09:08 PST"]
[Termination "IAgrest won on time"]

1. e4 c5 2. Nf3 d6 3. d4 cxd4 4. Nxd4 Nf6 5. Nc3 Nc6 6. Bg5 g6 7. Qd2 Bg7 8. Nb3 h6 9. Be3 Ng4 10. Bf4 Be6 11. f3 g5 12. Bg3 Nge5 13. h4 g4 14. f4 Nc4 15. Bxc4 Bxc4 16. O-O-O a5 17. e5 a4 18. Nd4 dxe5 19. fxe5 a3 20. b3 Qxd4 21.
Qxd4 Nxd4 22. Rxd4 Be6 23. Nb5 Rc8 24. Nxa3 h5 25.
Bf4 O-O 26. g3 Rc5 27. Re1 Rfc8 28. Kb2 Kh7 29. Re2 Kg6 30. c4 Bf5 31. Nb5 f6 32. e6 R8c6 33. Rd7 Rxe6 34. Rxe6 Bxe6 35. Rxe7 f5+ 36. Ka3 Bc8 37. Nd6 Bf8 38. Re8 Bxd6 39. Bxd6 Rc6 40. c5 b6 41. b4 bxc5 42. Bxc5 Ba6 43. Kb2 f4 44. gxf4 Kf5 45. Rf8+ Ke4 46. f5 g3 47. f6 Bc4 48. f7 Bxf7 49. Rxf7 g2 50. Rg7 Kf3 51. a4 Re6 52. a5 Re2+ 53. Kb3 Re4 54. a6 Rxh4 55. a7 1-0

[Event "*** Titled Tuesday Blitz"]
[Site "Chess.com"]
[Date "2021.02.16"]
[Round "6"]
[White "szachuspl"]
[Black "IwkooO"]
[Result "1-0"]
[WhiteElo "2480"]
[BlackElo "2614"]
[TimeControl "180+1"]
[EndTime "11:09:09 PST"]
[Termination "szachuspl won by resignation"]

1. d4 Nf6 2. c4 e6 3. Nf3 b6 4. g3 Bb7 5. Bg2 Bb4+ 6. Bd2 a5 7. O-O O-O 8. a3 Bxd2 9. Qxd2 d6 10. Nc3 Ne4 11.
Nxe4 Bxe4 12. Ne1 Bxg2 13. Nxg2 a4 14. e3 Nc6 15. Rad1 Ra5 16. Nf4 Qf6 17. h4 h6 18. Kg2 Rb8 19. Rc1 Qf5 20. Rfd1 g5 21.
hxg5 hxg5 22. Nd3 g4 23. Rh1 Qe4+ 24. Kg1 Kg7 25. Nf4 Rh8 26. Rxh8 Kxh8 27. Qe2 e5 28. dxe5 Nxe5 29. Qc2 Nf3+ 30. Kf1 Qe5 31. Kg2 Qf5 32.
Rh1+ Kg7 33. Qc3+ Qe5 34. Qc2 Qf5 35. e4 Qe5 36. Nd5 Rc5 37. Qc1 Qg5 38. Nf4 Ne5 39.
Ne6+ fxe6 40. Qxg5+ Ng6 41. Qxg4 Rxc4 42. Qxe6 Rc2 43. Rh5 Ne5 44. Rxe5 dxe5 45. Qxe5+ Kg6 46. Qe6+ Kg7 47. Qd7+ Kf6 48. Qxa4 Rc5 49. Qd4+ Ke6 50. Qxc5 bxc5 51. f4 c4 52. Kf3 Kd6 53. Ke3 Kc5 54. g4 Kb5 55. Kd4 c5+ 56. Kc3 1-0

[Event "*** Titled Tuesday Blitz"]
[Site "Chess.com"]
[Date "2021.02.16"]
[Round "6"]
[White "dozer80"]
[Black "Mihnea2017"]
[Result "0-1"]
[WhiteElo "2603"]
[BlackElo "2469"]
[TimeControl "180+1"]
[EndTime "11:09:11 PST"]
[Termination "Mihnea2017 won by resignation"]

1. e4 c5 2. Nf3 Nc6 3. Nc3 e5 4. Bc4 Be7 5. d3 Nf6 6. Nd2 d6 7. Nf1 Bg4 8. f3 Be6 9. Ne3 O-O 10. O-O Nh5 11. g3 Bg5 12. Ncd5 Bxe3+ 13. Bxe3 Na5 14. g4 Nxc4 15. dxc4 Nf4 16. Bxf4 exf4 17. b3 Qg5 18. Qd2 Bxd5 19. cxd5 b5 20. a4 b4 21. a5 Qe5 22. Qd3 h5 23. gxh5 Qxh5 24. Rf2 g6 25. Rg2 Kg7 26. Re1 Qe5 27. Rg4 f5 28. Rg5 Qf6 29. Rg2 Rae8 30. Rge2 fxe4 31. Rxe4 Rxe4 32. Rxe4 Qa1+ 33. Kg2 Qxa5 34. Re6 Rf6 35. Qe4 Qd8 36. h4 Rxe6 37. dxe6 Qe7 38. Kh3 Kf6 39. Qxf4+ Kxe6 40. Kg2 Qf6 41. Qe4+ Kf7 42. Qb7+ Qe7 43. Qd5+ Kg7 44. Kh3 Qf7 45. Qxd6 Qxf3+ 46. Kh2 Qf2+ 47. Kh3 Qe3+ 48. Kh2 a5 49. Qc7+ Kh6 50. Qd8 Qf4+ 51. Kg2 Qg4+ 52. Kf1 Qf4+ 53. Ke2 Kh5 54. Qd5+ Qf5 55. Qd8 Qe4+ 56.
Kf1 Qxh4 57. Qh8+ Kg4 58. Qc8+ Kg3 59. Qc7+ Qf4+ 60. Qxf4+ Kxf4 61. Ke2 Ke4 62. Kf2 Kd4 63. Kg3 Kc3 64. Kg4 Kxc2 65. Kg5 Kxb3 66. Kxg6 a4 0-1

[Event "*** Titled Tuesday Blitz"]
[Site "Chess.com"]
[Date "2021.02.16"]
[Round "6"]
[White "eduardoperalta"]
[Black "GelmanAlexander"]
[Result "1-0"]
[WhiteElo "2431"]
[BlackElo "2594"]
[TimeControl "180+1"]
[EndTime "11:09:11 PST"]
[Termination "eduardoperalta won by resignation"]

1. d4 Nf6 2. c4 c5 3. d5 d6 4. Nc3 Nbd7 5. e4 h6 6. f3 g5 7. Nh3 Bg7 8. Nf2 Ne5 9. Be3 a6 10. Qd2 Qa5 11. Rc1 Bd7 12. Be2 b5 13. b3 Rb8 14. O-O O-O 15. h4 Nh7 16. hxg5 hxg5 17.
Nd3 Ng6 18. f4 bxc4 19. bxc4 gxf4 20. Nxf4 Nxf4 21. Rxf4 Qa3 22. Nd1 f5 23. exf5 Rxf5 24. Bd3 Rxf4 25. Bxf4 Nf6 26. Qe2 Bg4 27. Qd2 Nh5 28. Be3 Bxd1 29. Rxd1 Rb2 30. Qe1 Qxa2 31. Be4 Be5 32. Qh4 Nf6 33. Qg5+ Kf8 34. Bg6 Re2 35. Qh6+ Kg8 36. Qg5 Rxe3 37. Bb1+ Kf8 38. Bxa2 Rg3 39. Qh6+ Ke8 40. Bb1 Ng4 41. Qh5+ Kd8 42.
Qf7 Ne3 43. Rd2 Bd4 44. Rxd4 cxd4 45. Qf8+ Kd7 46. Bf5+ Kc7 47. Qc8+ Kb6 48. Qc6+ Ka5 49. Qc7+ Kb4 50. Qxe7 Kc3 51. Qxd6 Rxg2+ 52. Kh1 Rf2 53. Bg6 Rf1+ 54. Kh2 Rf2+ 55. Kg3 Kd2 56. Kxf2 Ng4+ 1-0

[Event "*** Titled Tuesday Blitz"]
[Site "Chess.com"]
[Date "2021.02.16"]
[Round "6"]
[White "PSvidler"]
[Black "Nikolakis2014"]
[Result "1/2-1/2"]
[WhiteElo "2905"]
[BlackElo "2648"]
[TimeControl "180+1"]
[EndTime "11:09:12 PST"]
[Termination "Game drawn - insufficient material"]

1. e4 c6 2. d3 d5 3. Nd2 e5 4.
Ngf3 Bd6 5. d4 exd4 6. exd5 cxd5 7.
Bb5+ Nc6 8. O-O Ne7 9. Nb3 a6 10. Be2 O-O 11. Nbxd4 Qc7 12. c3 Ng6 13. Re1 Re8 14.
Be3 Bd7 15. Qd2 Rad8 16. Bf1 Nce5 17. Nxe5 Nxe5 18. Bf4 Nf3+ 19. Nxf3 Bxf4 20. Qd3 g6 21. g3 Bf5 22. Qd4 Be4 23. Bg2 Bd6 24. Qd2 Bc5 25. Nd4 Bxg2 26. Kxg2 Re4 27. Nb3 Ba7 28. Rad1 Rde8 29.
Rxe4 dxe4 30. Qd7 Qb8 31. Na5 e3 32. fxe3 Bxe3 33. Nxb7 Bg5 34. Rf1 Re7 35. Qd8+ Qxd8 36. Nxd8 Re2+ 37. Kf3 Rxb2 38. Nc6 Rxh2 39. Rf2 Rxf2+ 40.
Kxf2 h5 41. a4 Kf8 42. Nb4 Bd2 43.
Nxa6 Bxc3 44. Nc7 Ba5 45. Nd5 Ke8 46. Kf3 Kd7 47. g4 Kd6 48. Nf4 h4 49. g5 Ke5 50.
Kg4 Bd2 51. Nd3+ Kd4 52. Nf2 Ke3 53. Nh3 Kd4 54. Kxh4 Kc5 55. Kg4 Kb4 56. Ng1 Kxa4 57. Nf3 Bc1 58. Ne5 Bxg5 59. Nxg6 fxg6 60. Kxg5 Kb5 61.
Kxg6 1/2-1/2

[Event "*** Titled Tuesday Blitz"]
[Site "Chess.com"]
[Date "2021.02.16"]
[Round "6"]
[White "LamaChampetre"]
[Black "korkmaz16"]
[Result "0-1"]
[WhiteElo "2204"]
[BlackElo "2389"]
[TimeControl "180+1"]
[EndTime "11:09:12 PST"]
[Termination "korkmaz16 won on time"]

1. d4 d5 2. c4 e5 3. dxe5 d4 4. Nf3 Nc6 5. a3 Nge7 6. b4 Ng6 7. Bb2 a5 8. b5 Ncxe5 9. Nxe5 Nxe5 10. e3 Be6 11. Bxd4 Nxc4 12. Qc2 Nd6 13. Bd3 Qg5 14. f4 Qh4+ 15. g3 Qh3 16. Nc3 Rd8 17.
Ne4 Bd5 18. Nxd6+ Bxd6 19. Be4 Qe6 20. Bxd5 Qxd5 21. O-O O-O 22. Qb2 f6 23. Rad1 Qe4 24. Qb3+ Kh8 25. b6 c5 26. Bb2 a4 27. Qc3 Rfe8 28. Rd3 c4 29. Rd4 Qxe3+ 30. Qxe3 Rxe3 31. Rxc4 Bxa3 32. Bxa3 Rxa3 33. Rfc1 h6 34. Rc8 Rxc8 35. Rxc8+ Kh7 36. Rc7 Ra1+ 37. Kg2 a3 38. Rxb7 a2 39. Ra7 Rb1 40. Rxa2 Rxb6 41. Re2 h5 42. h3 Rb3 43.
Rf2 Kg6 44. Re2 Kf5 45. Rc2 h4 46. Rc5+ Ke4 47. Rc4+ Kd5 48. Rc7 Rxg3+ 49. Kf2 Ke4 50. Re7+ Kf5 51. Ra7 Kxf4 52. Ra4+ Kg5 53. Ra5+ Kh6 54.
Ra4 Rxh3 55. Kg2 Rg3+ 56. Kh2 g5 0-1

[Event "*** Titled Tuesday Blitz"]
[Site "Chess.com"]
[Date "2021.02.16"]
[Round "6"]
[White "ZiggyStardust64"]
[Black "Taran2004"]
[Result "1-0"]
[WhiteElo "2583"]
[BlackElo "2408"]
[TimeControl "180+1"]
[EndTime "11:09:13 PST"]
[Termination "ZiggyStardust64 won by resignation"]

1. c4 Nf6 2. Nc3 g6 3. e4 d6 4. d4 Bg7 5. f3 O-O 6. Be3 c5 7. Nge2 Nc6 8. d5 Ne5 9. Ng3 h5 10. Be2 a6 11. O-O e6 12. a4 exd5 13. cxd5 Bd7 14. Qd2 b5 15. axb5 axb5 16. Nxb5 Rxa1 17. Rxa1 Qb6 18. Nc3 Rb8 19. Nd1 Bb5 20. Qa5 Qxa5 21.
Rxa5 Bxe2 22. Nxe2 Nc4 23. Ra2 Nd7 24. Bc1 Nde5 25.
Nf2 Rb3 26. Nc3 Nd7 27. Ncd1 Bd4 28. Kf1 Nde5 29. f4 Nd3 30. Nxd3 Rxd3 31. Ke2 Rb3 32. Ra6 Kf8 33. Ra4 Nb6 34. Ra3 Rb5 35. Kd3 Bg7 36. g3 c4+ 37. Kc2 f5 38. exf5 gxf5 39. Ra7 Nxd5 40.
Bd2 Nb4+ 41. Bxb4 Rxb4 42. Rd7 Rb6 43. Rc7 d5 44. Rc5 Rd6 45. Ne3 Bd4 46. Rc8+ Ke7 47.
Nxf5+ Kd7 48. Nxd6 Kxd6 49. Rg8 Bg1 50. h3 d4 51. Rg5 d3+ 52. Kc3 Ke6 53. Kxc4 d2 54. Rd5 Bf2 55. Rxd2 Bxg3 56. Rd5 h4 57. f5+ Kf6 58.
b4 Be5 59. b5 Kxf5 60. b6 Kf4 61. Rxe5 Kxe5 62. b7 Kf4 63. b8=Q+ Kf3 64. Qg8 1-0

[Event "*** Titled Tuesday Blitz"]
[Site "Chess.com"]
[Date "2021.02.16"]
[Round "6"]
[White "dpopadic"]
[Black "Skillcam"]
[Result "1-0"]
[WhiteElo "2360"]
[BlackElo "2479"]
[TimeControl "180+1"]
[EndTime "11:09:13 PST"]
[Termination "dpopadic won by resignation"]

1. e4 c5 2. Nc3 e5 3. f4 exf4 4. Nf3 g5 5. Bc4 g4 6. Ne5 Qh4+ 7. Kf1 Nh6 8. d3 f6 9. Bxf4 Bg7 10. Bxh6 Qxh6 11. Nxg4 Qf4+ 12. Qf3 Qxf3+ 13. gxf3 d6 14. Nd5 Bxg4 15. fxg4 Kd7 16. Ke2 Nc6 17. Raf1 Nd4+ 18. Kd1 Rhf8 19. c3 Nc6 20. h3 Ne5 21. Kc2 Nxc4 22.
dxc4 Rae8 23. Kd3 Re5 24. Rf5 Rfe8 25. Rxe5 Rxe5 26. Rf1 Ke6 27. Rf5 Rxf5 28. exf5+ Kd7 29. Ke4 h6 30. Nf4 Kc6 31. Ne6 Bh8 32. Nd8+ Kc7 33.
Nf7 Bg7 34. Kd5 Bf8 35. Nh8 Kd7 36. Ng6 Bg7 37. Nf4 Bf8 38. Nh5 Be7 39. b3 b6 40.
Ng7 Bf8 41. Ne6 Be7 42. Nf4 Bf8 43. Ne2 Be7 44. Ng3 Bf8 45. Ne4 Be7 46. h4 a6 47. a4 a5 48. h5 Bd8 49. Nxd6 Be7 50.
Ne4 Bd8 51. Nd6 Be7 52. Nb5 Bd8 53. Na3 Be7 54. Nc2 Bd8 55. b4 Be7 56. bxa5 bxa5 57. Ne1 Bd6 58. Nd3 Bg3 59. Nxc5+ Kc7 60. Ne4 Be5 61. c5 Kd7 62. c6+ Kc7 63. c4 Bb2 64.
c5 Ba1 65. Nd6 Bc3 66. Nb5+ 1-0

[Event "*** Titled Tuesday Blitz"]
[Site "Chess.com"]
[Date "2021.02.16"]
[Round "6"]
[White "AndrewMaco"]
[Black "dosto07"]
[Result "1-0"]
[WhiteElo "2673"]
[BlackElo "2433"]
[TimeControl "180+1"]
[EndTime "11:09:15 PST"]
[Termination "AndrewMaco won by resignation"]

1. e4 e5 2. Nf3 Nc6 3. Bb5 a6 4. Ba4 Nf6 5. O-O Be7 6. Re1 b5 7. Bb3 O-O 8. a4 b4 9. d4 d6 10. dxe5 Nxe5 11. Nxe5 dxe5 12. Nd2 Bc5 13. Qe2 Bb7 14.
Kh1 Qd4 15. f3 Nh5 16. Nc4 Nf4 17. Bxf4 exf4 18. Rad1 Qf6 19. Na5 Bc8 20. Bd5 Rb8 21. e5 Qh4 22. e6 fxe6 23. Bxe6+ Kh8 24. Bxc8 Rbxc8 25. Nc4 Bf2 26. Rf1 Bg3 27. h3 Rce8 28. Qd2 Qe7 29. Qd3 Rd8 30. Qe4 Qxe4 31. fxe4 Kg8 32. Kg1 Rfe8 33. e5 Kf7 34. Rd3 Rxd3 35. cxd3 Rd8 36. Rd1 Ke6 37. Kf1 Kf5 38. Ke2 c5 39.
Kf3 Rd4 40. b3 g5 41. Rd2 h5 42. Rd1 g4+ 43. hxg4+ hxg4+ 44. Ke2 Rd7 45. Rh1 Rg7 46. Rh5+ Ke6 47. Rh6+ Kd5 48. Rxa6 Kd4 49. Rc6 f3+ 50. gxf3 gxf3+ 51. Kxf3 Kc3 52. Rxc5 Be1 53. a5 Rf7+ 54. Ke4 Bg3 55. a6 Rf4+ 56. Kd5 Rf1 57. a7 Ra1 58.
Ra5 Rxa5+ 59. Nxa5 Bf2 60. a8=Q Kxd3 61. Qc6 Bd4 62.
Qc4+ Ke3 63. Qxd4+ 1-0

[Event "*** Titled Tuesday Blitz"]
[Site "Chess.com"]
[Date "2021.02.16"]
[Round "6"]
[White "maxip32"]
[Black "MarcoRiehle"]
[Result "1/2-1/2"]
[WhiteElo "2511"]
[BlackElo "2684"]
[TimeControl "180+1"]
[EndTime "11:09:15 PST"]
[Termination "Game drawn by repetition"]

1. e4 e5 2. f4 exf4 3. Bc4 Ne7 4. Nc3 c6 5. d4 d5 6. exd5 Nxd5 7. Nxd5 cxd5 8.
Bb5+ Nc6 9. Qe2+ Be6 10. Bxf4 Be7 11. Nf3 O-O 12. O-O Qb6 13. c3 Bf6 14. Bd3 Rfe8 15. Qc2 h6 16. Kh1 Rac8 17. Qb3 Qxb3 18. axb3 a6 19. b4 Na7 20. Ne5 Kf8 21. h3 Rcd8 22.
Nf3 Bd7 23. Rfe1 Bb5 24. Bc2 Nc6 25. Nd2 g5 26. Bg3 Bxd4 27. cxd4 Nxd4 28. Bb3 Ne2 29.
Kh2 d4 30. Bd1 d3 31. Bxe2 dxe2 32. Nf3 Re3 33. Rac1 f6 34. Rc7 Bc6 35. Kg1 Bxf3 36. gxf3 Rxf3 37. Kg2 Rdd3 38. Bf2 Rf5 39. Rxe2 Re5 40.
Rxe5 fxe5 41. Rxb7 Rb3 42. Ra7 e4 43. Rxa6 Rxb2 44.
Kf1 h5 45. Bc5+ Kf7 46. Rh6 h4 47. Rh7+ Kg6 48. Re7 Kf5 49. Re8 Rb3 50. Kg2 Rb2+ 51. Kf1 Kf4 52. Rf8+ Kg3 53. Be3 Rxb4 54. Bxg5 Kxh3 55.
Ke2 Kg4 56. Bxh4 Kxh4 57. Ke3 Kg5 58. Rf1 Ra4 59. Rf2 Rb4 60. Rf1 Kg6 61. Rf2 Kg5 62.
Rf1 1/2-1/2

[Event "*** Titled Tuesday Blitz"]
[Site "Chess.com"]
[Date "2021.02.16"]
[Round "6"]
[White "csati17"]
[Black "goofypenguin96"]
[Result "1-0"]
[WhiteElo "2581"]
[BlackElo "2370"]
[TimeControl "180+1"]
[EndTime "11:09:15 PST"]
[Termination "csati17 won by checkmate"]

1. c4 e5 2. g3 h5 3. h3 h4 4. g4 c6 5. d4 exd4 6. Qxd4 Nf6 7. Nc3 Be7 8. Nf3 Na6 9. Bg2 Nb4 10. Qd1 d5 11. a3 Na6 12. g5 Ne4 13. Nxe4 dxe4 14.
Qxd8+ Bxd8 15. Nd4 Nc5 16. Be3 Ne6 17. Nxe6 Bxe6 18. b3 Ba5+ 19. b4 Bc7 20. Bxe4 Bxc4 21. Rc1 Be6 22. b5 Ba5+ 23. Kf1 O-O 24. bxc6 bxc6 25.
Rxc6 Rac8 26. Kg2 Rxc6 27. Bxc6 Rc8 28. Be4 Rc4 29. Bd3 Rc3 30. Rb1 Bc7 31. Bxa7 Rxa3 32. Be3 g6 33. Rb4 Ra5 34. Rxh4 Bd8 35. f4 Ra4 36. Kg3 Bc7 37. Bc1 Kf8 38. Rh8+ Ke7 39. Kf3 Ra1 40. Be3 Ra5 41. h4 Ra4 42. h5 Bd5+ 43. Kg3 gxh5 44. Rxh5 Be6 45. Rh7 Ra5 46. g6 Rg5+ 47. Kf2 Rg4 48. gxf7 Bxf7 49. Bc4 Kd6 50. Rxf7 Bd8 51. Kf3 Rg6 52. Bd3 Rg8 53. Bd4 Bh4 54. Be5+ Kd5 55. e4+ Ke6 56. Bc4# 1-0

[Event "*** Titled Tuesday Blitz"]
[Site "Chess.com"]
[Date "2021.02.16"]
[Round "6"]
[White "Sjakkerntobi"]
[Black "sergeikim"]
[Result "0-1"]
[WhiteElo "2325"]
[BlackElo "2524"]
[TimeControl "180+1"]
[EndTime "11:09:17 PST"]
[Termination "sergeikim won by checkmate"]

1. e4 e5 2. Nf3 Nc6 3. Bb5 a6 4. Ba4 Nf6 5. O-O b5 6. Bb3 Bc5 7. c3 d6 8. d4 Bb6 9. Be3 Bg4 10. Nbd2 O-O 11. h3 Bh5 12. g4 Bg6 13. Nh4 exd4 14. cxd4 Nxd4 15. Nxg6 hxg6 16. Nf3 Nxb3 17. Qxb3 Nxe4 18.
Bxb6 cxb6 19. Rfe1 Re8 20. Rad1 Qf6 21. Qd3 Nc5 22. Qd5 Rad8 23. Ng5 Ne6 24. Nxe6 Rxe6 25. Rxe6 Qxe6 26. Qc6 d5 27. Qc7 Qd6 28. Qb7 a5 29.
a3 d4 30. Qe4 d3 31. Rd2 Qd5 32. Qxd5 Rxd5 33. Kg2 Rd4 34. Kf3 b4 35. Ke3 Rc4 36. axb4 Rxb4 37. Kxd3 Rb3+ 38. Kc4 Rxh3 39. Rd6 Rf3 40.
Rxb6 Rxf2 41. Rb5 Rf4+ 42. Kc3 a4 43. Rb4 Rxb4 44. Kxb4 f5 45. gxf5 gxf5 46. Kxa4 Kf7 47. Kb3 Ke7 48. Kc3 Kd6 49. Kd3 Kc5 50. Ke3 g5 51. Kd3 Kb4 52. Kc2 g4 53. Kd2 f4 54.
Kd3 g3 55. Ke2 Kb3 56. Kf3 Kxb2 57. Kg2 Kc3 58. Kf3 Kd3 59. Kg2 Ke2 60. Kg1 f3 61.
Kh1 f2 62. Kg2 f1=Q+ 63. Kxg3 Qf5 64. Kh4 Ke3 65. Kg3 Qg5+ 66. Kh3 Kf3 67. Kh2 Qg2# 0-1

[Event "*** Titled Tuesday Blitz"]
[Site "Chess.com"]
[Date "2021.02.16"]
[Round "6"]
[White "DinaBelenkaya"]
[Black "Maddie"]
[Result "1-0"]
[WhiteElo "2301"]
[BlackElo "2047"]
[TimeControl "180+1"]
[EndTime "11:09:17 PST"]
[Termination "DinaBelenkaya won by resignation"]

1. e4 c6 2. Nc3 d5 3. Nf3 dxe4 4. Nxe4 Nd7 5. Qe2 e6 6. d4 Ngf6 7. Neg5 Be7 8. c4 h6 9. Nh3 O-O 10. Qc2 c5 11. Be3 cxd4 12. Nxd4 Bc5 13. O-O-O Qa5 14.
Kb1 Qb6 15. Bd3 Ne5 16. Be2 Nc6 17. Nxc6 Qxc6 18. Bxc5 Qxc5 19. Bf3 Bd7 20. Nf4 Bc6 21. Nd3 Qb6 22. Bxc6 Qxc6 23. Ne5 Qc7 24. f4 Rac8 25. Qa4 a6 26. Rd4 Qc5 27. Rhd1 b5 28. Qxa6 bxc4 29. Qxc4 Qa5 30. Qb4 Qa8 31. g4 Rb8 32. Qd2 Qb7 33. g5 hxg5 34. fxg5 Nd5 35. Rh4 Rfc8 36. Ka1 Qb4 37.
Rxb4 Nxb4 38. Rc1 Rxc1+ 39. Qxc1 Nd5 40. a3 Rb3 41. Ka2 Re3 42. Qc8+ Kh7 43. Nxf7 Kg6 44. Nd6 Kxg5 45. Qd8+ Kg6 46. Qe8+ Kh7 47. Qf7 Nf6 48.
Ne8 Kh6 49. Nxf6 gxf6 50. Qxf6+ Kh5 51. Qf7+ Kg4 52. a4 Rf3 53. Qg7+ Kf4 54. a5 Ke3 55. a6 Rf5 56. a7 Ra5+ 57. Kb3 Kd3 58.
Qd7+ Ke4 59. Qc7 Ra6 60. Qb7+ 1-0

[Event "*** Titled Tuesday Blitz"]
[Site "Chess.com"]
[Date "2021.02.16"]
[Round "6"]
[White "DonPreuss"]
[Black "WiktoriaPOL"]
[Result "1-0"]
[WhiteElo "2261"]
[BlackElo "2025"]
[TimeControl "180+1"]
[EndTime "11:09:17 PST"]
[Termination "DonPreuss won by checkmate"]

1. d4 Nf6 2. Nc3 d5 3. e4 dxe4 4. f3 exf3 5. Nxf3 g6 6. Bd3 Bg7 7. O-O O-O 8. Qe1 Nc6 9. Qh4 Bg4 10. Ne2 h5 11. c3 Qd7 12. Bc2 Bxf3 13. Rxf3 e5 14.
Rxf6 Bxf6 15. Qxf6 Qe7 16. Qxe7 Nxe7 17. dxe5 Nc6 18.
Bf4 Rfe8 19. Nd4 Nxe5 20. Re1 Nd7 21. Rxe8+ Rxe8 22. Bxc7 Re1+ 23. Kf2 Ra1 24. Bd6 Rxa2 25. Ba3 Nb6 26. Nb3 Nc4 27. Bb1 Rxa3 28. bxa3 Nxa3 29. Bd3 Kf8 30. Ke2 Ke7 31. Kd2 Kd6 32. Kc1 Kc6 33. Kb2 Nb5 34. Bxb5+ Kxb5 35. Kc2 Kc4 36.
Nd2+ Kd5 37. Kd3 b5 38. Nb3 f5 39. h4 Ke5 40. Ke3 Kd5 41. Kd3 Ke5 42. Nd2 Kf4 43.
Kd4 Kg3 44. Kc5 a6 45. Kb6 Kxg2 46. Kxa6 f4 47. Kxb5 f3 48. c4 f2 49. c5 f1=Q+ 50. Nxf1 Kxf1 51. c6 Kg2 52. c7 Kg3 53. c8=Q Kxh4 54.
Kc4 g5 55. Kd3 g4 56. Ke2 Kg3 57. Kf1 Kh2 58. Qc7+ g3 59. Qf4 Kh1 60. Qf3+ Kh2 61.
Qg2# 1-0

[Event "*** Titled Tuesday Blitz"]
[Site "Chess.com"]
[Date "2021.02.16"]
[Round "6"]
[White "akanga001"]
[Black "Piccadilly123"]
[Result "1-0"]
[WhiteElo "1988"]
[BlackElo "2244"]
[TimeControl "180+1"]
[EndTime "11:09:18 PST"]
[Termination "akanga001 won on time"]

1. d4 d5 2. Nf3 Nf6 3. Bg5 e6 4. e3 Be7 5. Bd3 O-O 6. O-O b6 7. c3 Bb7 8. a4 h6 9. Bh4 a6 10.
Nbd2 Nbd7 11. Re1 c5 12. e4 Nxe4 13. Bxe7 Qxe7 14. Nxe4 dxe4 15. Bxe4 Nf6 16. Bxb7 Qxb7 17. dxc5 bxc5 18. Qc2 Rab8 19. Re2 Rfd8 20. Ne5 Qd5 21. g3 Rb6 22. a5 Rb7 23. c4 Qd6 24. Ra3 Rdb8 25. Rd3 Qc7 26. b3 Qxa5 27. Nc6 Qa1+ 28. Rd1 Qa3 29. Nxb8 Rxb8 30. Re3 g6 31. Red3 Kg7 32.
Rf3 Ng8 33. Qc3+ Kf8 34. Qh8 Rxb3 35. Rxb3 Qxb3 36. Rd8+ Ke7 37. Qxg8 Qb1+ 38. Kg2 Qe4+ 39. f3 Qc2+ 40. Kf1 Qc1+ 41. Ke2 Qc2+ 42. Rd2 Qxc4+ 43.
Kf2 Kf6 44. Qh8+ Kf5 45. g4+ Kg5 46. Qe5+ f5 47. gxf5 exf5 48. Qe7+ Kh5 49. Qe2 Qh4+ 50. Kf1 Qh3+ 51. Qg2 Qh4 52. f4 Qxf4+ 53. Qf2 Qc4+ 54. Qe2+ 1-0